PAAA
BLOOMINGTON LONGNECKS @ ALLOWAY HALBERDS
07/19/2020
 
TOP OF THE 1ST
Bloomington Longnecks batting - Pitching for Alloway Halberds : RHP Joe Holmes
Pitching: RHP Joe Holmes
Batting: RHB Jim Unknown 0-0: Ball
1-0: Ground out 4-3 (Groundball, 4)
Batting: RHB Jim Unknown 0-0: Called Strike
0-1: Foul Ball, location: 2F
0-2: Strikes out swinging
Batting: RHB Jim Unknown 0-0: Called Strike
0-1: Ball
1-1: Foul Ball, location: 2F
1-2: Foul Ball, location: 2F
1-2: Strikes out swinging
Top of the 1st over - 0 run(s), 0 hit(s), 0 error(s), 0 left on base; Bloomington 0 - Alloway 0
BOTTOM OF THE 1ST
Alloway Halberds batting - Pitching for Bloomington Longnecks : RHP Jim Unknown
Pitching: RHP Jim Unknown
Batting: RHB Daniel Molina 0-0: Ball
1-0: Ball
2-0: Ball
3-0: Called Strike
3-1: Foul Ball, location: 2F
3-2: Fly out, F6 (Popup, 5)
Batting: RHB Bill Stewart 0-0: Called Strike
0-1: Fly out, F7 (Line Drive, 7M)
Batting: RHB Jonathan Cundall 0-0: Called Strike
0-1: Ball
1-1: Foul Ball, location: 2F
1-2: Foul Ball, location: 2F
1-2: Strikes out looking
Bottom of the 1st over - 0 run(s), 0 hit(s), 0 error(s), 0 left on base; Bloomington 0 - Alloway 0
TOP OF THE 2ND
Bloomington Longnecks batting - Pitching for Alloway Halberds : RHP Joe Holmes
Batting: RHB Jim Unknown 0-0: Called Strike
0-1: Ball
1-1: Foul Ball, location: 2F
1-2: Foul Ball, location: 2F
1-2: Ball
2-2: Ball
3-2: SINGLE (Line Drive, 34D)
Batting: RHB Jim Unknown 0-0: Called Strike
0-1: Called Strike
0-2: SINGLE (Line Drive, 7LS)
Jim Unknown to second
Batting: RHB Jim Unknown 0-0: Ball
1-0: Ball
2-0: Foul Ball, location: 2F
2-1: Ball
3-1: Base on Balls
Jim Unknown to third
Jim Unknown to second
Batting: LHB Jim Unknown 0-0: Foul Ball, location: 2F
0-1: Ball
1-1: Called Strike
1-2: Grounds into double play, 5-4-3 (Groundball, 56)
Jim Unknown scores
Jim Unknown to third
Batting: RHB Jim Unknown 0-0: Ball
1-0: Ball
Wild Pitch!
Jim Unknown scores
2-0: Foul Ball, location: 2F
2-1: Ground out 6-3 (Groundball, 6)
Top of the 2nd over - 2 run(s), 2 hit(s), 0 error(s), 0 left on base; Bloomington 2 - Alloway 0
BOTTOM OF THE 2ND
Alloway Halberds batting - Pitching for Bloomington Longnecks : RHP Jim Unknown
Batting: LHB Mathew Rose 0-0: Swinging Strike
0-1: Ball
1-1: Ground out U3 (Groundball, 3L)
Batting: RHB Juan Martínez 0-0: Ball
1-0: Ground out 5-3 (Groundball, 5S)
Batting: RHB Orlando López 0-0: Swinging Strike
0-1: Ball
1-1: Ball
2-1: Foul Ball, location: 2F
2-2: Foul Ball, location: 2F
2-2: Ground out 4-3 (Groundball, 4M)
Bottom of the 2nd over - 0 run(s), 0 hit(s), 0 error(s), 0 left on base; Bloomington 2 - Alloway 0
TOP OF THE 3RD
Bloomington Longnecks batting - Pitching for Alloway Halberds : RHP Joe Holmes
Batting: RHB Jim Unknown 0-0: Ball
1-0: Called Strike
1-1: Foul Ball, location: 2F
1-2: Strikes out swinging
Batting: RHB Jim Unknown 0-0: Ball
1-0: Reached on error, E5 (Groundball, 56)
Batting: RHB Jim Unknown 0-0: Called Strike
0-1: SINGLE (Groundball, 13) (infield hit)
Jim Unknown to second
Batting: RHB Jim Unknown 0-0: Ball
1-0: Swinging Strike
1-1: Ball
2-1: SINGLE (Groundball, 13S) (infield hit)
Jim Unknown to third
Jim Unknown to second
Batting: RHB Jim Unknown 0-0: Called Strike
0-1: Foul Ball, location: 2F
0-2: Ball
1-2: Foul Ball, location: 2F
1-2: Ball
2-2: Foul Ball, location: 2F
2-2: Foul Ball, location: 2F
2-2: Ball
3-2: SINGLE (Groundball, 56)
Jim Unknown scores
Jim Unknown to third
Jim Unknown to second
Runner from 3rd tries for Home, SAFE, throw made home
Batting: RHB Jim Unknown 0-0: Ball
1-0: Ball
2-0: Foul Ball, location: 2F
2-1: Foul Ball, location: 2F
2-2: Foul Ball, location: 2F
2-2: Foul Ball, location: 2F
2-2: Ball
3-2: SINGLE (Groundball, 56D)
Jim Unknown to third
Jim Unknown to second
Batting: RHB Jim Unknown 0-0: Foul Ball, location: 2F
0-1: Grounds into double play, 5-4-3 (Groundball, 56)
Top of the 3rd over - 2 run(s), 4 hit(s), 1 error(s), 2 left on base; Bloomington 4 - Alloway 0
BOTTOM OF THE 3RD
Alloway Halberds batting - Pitching for Bloomington Longnecks : RHP Jim Unknown
Batting: RHB Mark Davis 0-0: Called Strike
0-1: Foul Ball, location: 2F
0-2: Strikes out swinging
Batting: LHB Kenji Takahashi 0-0: Ground out 4-3 (Groundball, 4M)
Batting: RHB Mike Davis 0-0: Swinging Strike
0-1: Swinging Strike
0-2: Fly out, F9 (Flyball, 9M)
Bottom of the 3rd over - 0 run(s), 0 hit(s), 0 error(s), 0 left on base; Bloomington 4 - Alloway 0
TOP OF THE 4TH
Bloomington Longnecks batting - Pitching for Alloway Halberds : RHP Joe Holmes
Batting: LHB Jim Unknown 0-0: SINGLE (Line Drive, 6D)
Pitching: RHP Steve Terry
Batting: RHB Jim Unknown 0-0: Swinging Strike
0-1: Swinging Strike
0-2: SINGLE (Line Drive, 8LS)
Jim Unknown to second
Runner from 2nd tries for 3rd, SAFE, throw made to third
Batting: RHB Jim Unknown 0-0: Ball
1-0: Ball
2-0: Fly out, F7 (Line Drive, 7M)
Runner from 3rd tags up, SCORES, throw made
Batting: RHB Jim Unknown 0-0: Ball
1-0: Ball
2-0: Ball
3-0: Base on Balls
Jim Unknown to second
Batting: RHB Jim Unknown 0-0: Fly out, F4 (Line Drive, 4)
Batting: RHB Jim Unknown 0-0: Called Strike
0-1: Ball
1-1: Ball
2-1: Ball
3-1: Base on Balls
Jim Unknown to third
Jim Unknown to second
Batting: RHB Jim Unknown 0-0: Ball
1-0: Fly out, F9 (Flyball, 9LM)
Top of the 4th over - 1 run(s), 2 hit(s), 0 error(s), 3 left on base; Bloomington 5 - Alloway 0
BOTTOM OF THE 4TH
Alloway Halberds batting - Pitching for Bloomington Longnecks : RHP Jim Unknown
Batting: RHB Daniel Molina 0-0: Ball
1-0: Called Strike
1-1: Foul Ball, location: 2F
1-2: Strikes out looking
Batting: RHB Bill Stewart 0-0: Ball
1-0: Ball
2-0: Ball
3-0: Base on Balls
Batting: RHB Jonathan Cundall 0-0: Ball
1-0: Called Strike
1-1: Called Strike
1-2: Foul Ball, location: 2F
1-2: Strikes out swinging
Batting: LHB Mathew Rose 0-0: Fly out, F7 (Flyball, 7LM)
Bottom of the 4th over - 0 run(s), 0 hit(s), 0 error(s), 1 left on base; Bloomington 5 - Alloway 0
TOP OF THE 5TH
Bloomington Longnecks batting - Pitching for Alloway Halberds : RHP Steve Terry
Batting: RHB Jim Unknown 0-0: Ground out 4-3 (Groundball, 4)
Batting: RHB Jim Unknown 0-0: Ball
1-0: Ball
2-0: Ball
3-0: Called Strike
3-1: Base on Balls
Batting: LHB Jim Unknown 0-0: Ball
1-0: Swinging Strike
1-1: Foul Ball, location: 2F
1-2: Ball
2-2: SINGLE (Line Drive, 6D)
Jim Unknown to second
Batting: RHB Jim Unknown 0-0: Called Strike
0-1: Foul Ball, location: 2F
0-2: Strikes out swinging
Batting: RHB Jim Unknown 0-0: Ball
1-0: Foul Ball, location: 2F
1-1: Ball
2-1: Ball
3-1: Base on Balls
Jim Unknown to third
Jim Unknown to second
Batting: RHB Jim Unknown 0-0: Called Strike
0-1: Ball
1-1: Ball
2-1: Foul Ball, location: 2F
2-2: Foul Ball, location: 2F
2-2: SINGLE (Groundball, 6M)
Jim Unknown scores
Jim Unknown to third
Jim Unknown to second
Runner from 3rd tries for Home, SAFE, no throw or cutoff
Batting: RHB Jim Unknown 0-0: Swinging Strike
0-1: SINGLE (Flyball, 7LS)
Jim Unknown to third
Jim Unknown to second
Runner from 3rd tries for Home, SAFE, no throw or cutoff
Batting: RHB Jim Unknown 0-0: Ball
1-0: Ball
2-0: Called Strike
2-1: DOUBLE (Flyball, 78M)
Jim Unknown scores
Jim Unknown to third
Pitching: RHP Manuel Reyes
Batting: RHB Jim Unknown 0-0: Ball
1-0: Foul Ball, location: 2F
1-1: Swinging Strike
1-2: Ball
2-2: Ball
3-2: SINGLE (Groundball, 6MD)
Jim Unknown scores
Jim Unknown to third
Jim Unknown scores
Batting: RHB Jim Unknown 0-0: Ball
Jim Unknown is caught stealing 2nd base
Top of the 5th over - 6 run(s), 5 hit(s), 0 error(s), 0 left on base; Bloomington 11 - Alloway 0
BOTTOM OF THE 5TH
Alloway Halberds batting - Pitching for Bloomington Longnecks : RHP Jim Unknown
Batting: RHB Juan Martínez 0-0: Ground out 6-3 (Groundball, 6MS)
Batting: RHB Orlando López 0-0: Ball
1-0: Swinging Strike
1-1: Foul Ball, location: 2F
1-2: Foul Ball, location: 2F
1-2: Foul Ball, location: 2F
1-2: Foul Ball, location: 2F
1-2: Foul Ball, location: 2F
1-2: Ball
2-2: Ball
3-2: Fly out, F2 (Popup, 2RF)
Batting: RHB Mark Davis 0-0: Ball
1-0: Ground out 6-3 (Groundball, 6)
Bottom of the 5th over - 0 run(s), 0 hit(s), 0 error(s), 0 left on base; Bloomington 11 - Alloway 0
TOP OF THE 6TH
Bloomington Longnecks batting - Pitching for Alloway Halberds : RHP Manuel Reyes
Pinch Hitting: RHB Jim Unknown 0-0: Ball
1-0: Foul Ball, location: 2F
1-1: Ball
2-1: Foul Ball, location: 2F
2-2: Ball
3-2: Strikes out swinging
Batting: RHB Jim Unknown 0-0: Swinging Strike
0-1: Called Strike
0-2: Foul Ball, location: 2F
0-2: Fly out, F1 (Popup, 23)
Batting: LHB Jim Unknown 0-0: Ball
1-0: Swinging Strike
1-1: Ball
2-1: Ball
3-1: Base on Balls
Batting: RHB Jim Unknown 0-0: Ball
1-0: Ground out 5-3 (Groundball, 6)
Top of the 6th over - 0 run(s), 0 hit(s), 0 error(s), 1 left on base; Bloomington 11 - Alloway 0
BOTTOM OF THE 6TH
Alloway Halberds batting - Pitching for Bloomington Longnecks : RHP Jim Unknown
Now at SS: Jim Unknown
Batting: LHB Kenji Takahashi 0-0: Ball
1-0: Foul Ball, location: 2F
1-1: Fly out, F5 (Popup, 5F)
Batting: RHB Mike Davis 0-0: Ball
1-0: Ball
2-0: Ball
3-0: Called Strike
3-1: Called Strike
3-2: Foul Ball, location: 2F
3-2: Ground out 1-3 (Groundball, 15S)
Batting: RHB Daniel Molina 0-0: Ball
1-0: Foul Ball, location: 2F
1-1: Ball
2-1: Fly out, F9 (Flyball, 9LM)
Bottom of the 6th over - 0 run(s), 0 hit(s), 0 error(s), 0 left on base; Bloomington 11 - Alloway 0
TOP OF THE 7TH
Bloomington Longnecks batting - Pitching for Alloway Halberds : RHP Manuel Reyes
Pitching: LHP Jim Unknown
Batting: RHB Jim Unknown 0-0: Fly out, F7 (Line Drive, 7M)
Batting: RHB Jim Unknown 0-0: Ball
1-0: Ball
2-0: Ball
3-0: Base on Balls
Batting: RHB Jim Unknown 0-0: Ball
1-0: Ball
2-0: Ball
3-0: Called Strike
3-1: Swinging Strike
3-2: Strikes out swinging
Batting: RHB Jim Unknown 0-0: Ball
1-0: Foul Ball, location: 2F
1-1: Fly out, F9 (Flyball, 89M)
Top of the 7th over - 0 run(s), 0 hit(s), 0 error(s), 1 left on base; Bloomington 11 - Alloway 0
BOTTOM OF THE 7TH
Alloway Halberds batting - Pitching for Bloomington Longnecks : RHP Jim Unknown
Batting: RHB Bill Stewart 0-0: Ground out 6-3 (Groundball, 6)
Batting: RHB Jonathan Cundall 0-0: Called Strike
0-1: Ground out 6-3 (Groundball, 6)
Batting: LHB Mathew Rose 0-0: Ball
1-0: SINGLE (Groundball, 3D)
Batting: RHB Juan Martínez 0-0: Foul Ball, location: 2F
0-1: Foul Ball, location: 2F
0-2: Ground out 5-3 (Groundball, 5S)
Bottom of the 7th over - 0 run(s), 1 hit(s), 0 error(s), 1 left on base; Bloomington 11 - Alloway 0
TOP OF THE 8TH
Bloomington Longnecks batting - Pitching for Alloway Halberds : LHP Jim Unknown
Batting: RHB Jim Unknown 0-0: Called Strike
0-1: Called Strike
0-2: Foul Ball, location: 2F
0-2: Ball
1-2: Ball
2-2: Ball
3-2: SINGLE (Line Drive, 34)
Batting: RHB Jim Unknown 0-0: Ball
1-0: Called Strike
1-1: Called Strike
1-2: Strikes out swinging
Batting: RHB Jim Unknown 0-0: Ball
1-0: Swinging Strike
1-1: Ball
2-1: Ball
3-1: Foul Ball, location: 2F
3-2: Base on Balls
Jim Unknown to second
Batting: LHB Jim Unknown 0-0: Swinging Strike
0-1: Foul Ball, location: 2F
0-2: Ball
1-2: Strikes out swinging
Batting: RHB Jim Unknown 0-0: Called Strike
0-1: Swinging Strike
0-2: Fly out, F3 (Popup, 3F)
Top of the 8th over - 0 run(s), 1 hit(s), 0 error(s), 2 left on base; Bloomington 11 - Alloway 0
BOTTOM OF THE 8TH
Alloway Halberds batting - Pitching for Bloomington Longnecks : RHP Jim Unknown
Batting: RHB Orlando López 0-0: Swinging Strike
0-1: Called Strike
0-2: Foul Ball, location: 2F
0-2: Foul Ball, location: 2F
0-2: Ball
1-2: Ball
2-2: SINGLE (Line Drive, 56D)
Batting: RHB Mark Davis 0-0: Swinging Strike
0-1: Grounds into double play, 5-4-3 (Groundball, 56)
Batting: LHB Kenji Takahashi 0-0: Swinging Strike
0-1: Foul Ball, location: 2F
0-2: Fly out, F4 (Popup, 4S)
Bottom of the 8th over - 0 run(s), 1 hit(s), 0 error(s), 0 left on base; Bloomington 11 - Alloway 0
TOP OF THE 9TH
Bloomington Longnecks batting - Pitching for Alloway Halberds : LHP Jim Unknown
Pitching: LHP Jim Unknown
Batting: RHB Jim Unknown 0-0: Called Strike
0-1: Ball
1-1: Called Strike
1-2: Ground out 5-3 (Groundball, 5S)
Batting: RHB Jim Unknown 0-0: Ball
1-0: Ball
2-0: SINGLE (Flyball, 89S)
Pinch Hitting: RHB Jim Unknown 0-0: Ball
1-0: Ball
2-0: Ball
3-0: Called Strike
3-1: Fly out, F8 (Flyball, 8LXD)
Batting: RHB Jim Unknown 0-0: DOUBLE (Flyball, 9D)
Jim Unknown to third
Runner from 3rd tries for Home, SAFE, no throw or cutoff
Batting: RHB Jim Unknown 0-0: Ball
1-0: Foul Ball, location: 2F
1-1: Called Strike
1-2: Strikes out swinging
Top of the 9th over - 1 run(s), 2 hit(s), 0 error(s), 1 left on base; Bloomington 12 - Alloway 0
BOTTOM OF THE 9TH
Alloway Halberds batting - Pitching for Bloomington Longnecks : RHP Jim Unknown
Now at C: Jim Unknown
Batting: RHB Mike Davis 0-0: Ground out 6-3 (Groundball, 6)
Batting: RHB Daniel Molina 0-0: Called Strike
0-1: Ball
1-1: Ground out 5-3 (Groundball, 56)
Batting: RHB Bill Stewart 0-0: Called Strike
0-1: Called Strike
0-2: SINGLE (Groundball, 4D)
Batting: RHB Jonathan Cundall 0-0: Ball
1-0: Fly out, F7 (Flyball, 78XD)
Bottom of the 9th over - 0 run(s), 1 hit(s), 0 error(s), 1 left on base; Bloomington 12 - Alloway 0
This league is powered by Out of the Park Baseball, the baseball management simulation game for PC, Mac and Linux
Friday, October 23rd, 2015 - OOTP Baseball 16.9 Build 39